 Dungeon Crawl Stone Soup version 0.31-a0-236-g9a0961fb85 (webtiles) character file.

Game seed: 2669416190796401962

72 qw the Shooter (level 4, -6/36 HPs)
             Began as a Minotaur Hexslinger on July 9, 2023.
             Mangled by Robin
             ... wielding a +6 spear of venom
              (9 damage)
             ... on level 2 of the Dungeon.
             The game lasted 00:00:34 (1204 turns).

qw the Shooter (Minotaur Hexslinger)                Turns: 1204, Time: 00:00:35

Health: -6/36      AC:  6    Str: 12    XL:     4   Next: 7%
Magic:  4/4        EV: 11    Int: 10    God:
Gold:   64         SH:  0    Dex: 15    Spells: 4/5 levels left

rFire   . . .        Y - +1 sling
rCold   . . .        (no shield)
rNeg    . . .        i - +0 ring mail
rPois   .            (helmet restricted)
rElec   .            (no cloak)
rCorr   .            (no gloves)
SInv    .            f - +0 pair of boots
Will    .....        (no amulet)
Stlth   +            (no ring)
HPRegen 0.26/turn    (no ring)
MPRegen 0.09/turn

%: no passive effects
@: lethally poisoned (-6 -> -38)
A: horns 2, retaliatory headbutt
a: no special abilities


You were on level 2 of the Dungeon.
You visited 1 branch of the dungeon, and saw 2 of its levels.

You collected 64 gold pieces.


Innate Abilities, Weirdness & Mutations

You have a pair of horns on your head.
You reflexively headbutt those who attack you in melee.


   Skills:
 - Level 2.0 Fighting
 + Level 4.4 Ranged Weapons
 - Level 1.0 Armour
 - Level 2.1 Dodging
 - Level 1.0 Spellcasting
 - Level 2.0 Hexes


You had 4 spell levels left.
You knew the following spells:

 Your Spells              Type           Power      Damage    Failure   Level
a - Slow                  Hex            16%        N/A       34%         1

Your spell library contained the following spells:

 Spells                   Type           Power      Damage    Failure   Level
 Inner Flame              Hex/Fire       2%         N/A       83%         3
 Portal Projectile        Hex/Tloc       4%         N/A       83%         3
 Cause Fear               Hex            2%         N/A       98%         4

Inventory:

Hand Weapons
 Y - a +1 sling (weapon)
Armour
 e - a +0 cloak
 f - a +0 pair of boots (worn)
 i - a +0 ring mail (worn)
Jewellery
 b - a ring of flight
Scrolls
 c - a scroll of teleportation
Potions
 a - a potion of degeneration {unknown}
 d - a potion of attraction {unknown}
 g - a potion of brilliance {unknown}
 h - a potion of might {unknown}
 j - a potion of heal wounds {unknown}
 k - a potion of resistance {unknown}

Dungeon Overview and Level Annotations

Branches:
Dungeon (2/15)

Altars:

Shops:
D:1 *

Annotations:
D:2 Robin


Message History

Enter note:
1163 ||| FLEEEEING.
1164 ||| FLEEEEING.
1165 ||| FLEEEEING.
You shoot a sling bullet.
The sling bullet barely misses the goblin.
The goblin barely misses you.
You shoot a sling bullet. The sling bullet hits the goblin!
You kill the goblin!
You start resting.
HP restored.
You see here 3 atropa-tipped darts.
There is a stone staircase leading down, spattered with blood here.
Items here: %% )))).
Items here: %%% ( ))))).
Items here: % ))).
Robin and an endoplasm come into view.
Robin is wielding a +6 spear of venom.
Robin shouts!
Enter note:
Enter note:
Enter note:
Enter note:
Enter note:
Enter note: You shoot a sling bullet.
The sling bullet barely misses Robin.
Robin hits you from afar with a +6 spear of venom!
You are poisoned.
You shoot a sling bullet. The sling bullet hits Robin.
Robin is moderately wounded.
You feel very sick.
Robin drinks a potion.
Robin seems to speed up.
Robin hits you from afar with a +6 spear of venom!
You are lethally poisoned!
You shoot a sling bullet. The sling bullet barely misses Robin.
You feel extremely sick.
Robin says, "Feeling lonely?"
Robin hits you from afar with a +6 spear of venom.
You are more poisoned.
Robin hits you from afar with a +6 spear of venom!
You die...

.#### ...# ## ...#
.# ..# # .#
.J#.#.# .###
######g#.#.# ...#
#..........#
##.####
#.....@...##.
#....##
#........:...#
#.....##
#.......######
#...(..######...##
#....#....###)#.#
#....####..>)...#
#....# #########
#....# ######


You could see Robin (fast) and an endoplasm.

Vanquished Creatures
  An adder (D:2)
  A worm (D:2)
  2 dart slugs
  6 ball pythons
  7 bats
  4 endoplasms (D:2)
  A giant cockroach (D:2)
  15 goblins
  3 hobgoblins
  4 frilled lizards
  3 kobolds
  2 rats (D:1)
49 creatures vanquished.

Notes
Turn   | Place    | Note
-------+----------+-------------------------------------------
     0 | D:1      | qw the Minotaur Hexslinger began the quest for the Orb.
     0 | D:1      | Reached XP level 1. HP: 16/16 MP: 1/1
     0 | D:1      | 0 ||| qw: Version: 0.3-a-51-g015441d
     0 | D:1      | 0 ||| qw: Game counter: 4399
     0 | D:1      | 0 ||| qw: Melee chars always use a shield: true
     0 | D:1      | 0 ||| qw: God list: Okawaru
     0 | D:1      | 0 ||| qw: Allow faded altars: false
     0 | D:1      | 0 ||| qw: Do Orc after clearing Dungeon:15 true
     0 | D:1      | 0 ||| qw: Do second Lair branch before Depths: true
     0 | D:1      | 0 ||| qw: Lair rune preference: random
     0 | D:1      | 0 ||| qw: Goals: Normal
     0 | D:1      | 0 ||| PLANNING D:1-11
   102 | D:1      | Reached skill level 3 in Ranged Weapons
   105 | D:1      | Reached XP level 2. HP: 23/23 MP: 2/2
   118 | D:1      | 118 ||| FLEEEEING.
   187 | D:1      | Found Gokaxih's General Store.
   199 | D:1      | 199 ||| SHOPLISTING +0 ring mail (40 gold, have 24).
   199 | D:1      | 199 ||| SHOPLISTING +1 pair of boots (115 gold, have 24).
   199 | D:1      | 199 ||| SHOPLISTING scroll of enchant armour (75 gold, have
                  | 24).
   262 | D:1      | 262 ||| FLEEEEING.
   263 | D:1      | 263 ||| FLEEEEING.
   264 | D:1      | 264 ||| FLEEEEING.
   653 | D:1      | 653 ||| UPGRADING to +0 leather armour.
   663 | D:1      | 663 ||| DROPPING +0 robe.
   664 | D:1      | 664 ||| UPGRADING to +0 pair of boots.
   669 | D:1      | 669 ||| UPGRADING to +0 ring mail.
   679 | D:1      | 679 ||| DROPPING +0 leather armour.
   680 | D:1      | 680 ||| READING scroll labelled ECLION KIC QIO.
   684 | D:1      | 684 ||| DROPPING scroll of poison.
   747 | D:2      | Reached XP level 3. HP: 29/29 MP: 3/3
   936 | D:2      | Reached skill level 4 in Ranged Weapons
  1098 | D:2      | Reached skill level 1 in Armour
  1133 | D:2      | 1133 ||| Stepping ~*~*~tactically~*~*~ (outnumbered).
  1147 | D:2      | Reached XP level 4. HP: 27/36 MP: 4/4
  1153 | D:2      | 1153 ||| FLEEEEING.
  1154 | D:2      | 1154 ||| FLEEEEING.
  1155 | D:2      | 1155 ||| FLEEEEING.
  1156 | D:2      | 1156 ||| FLEEEEING.
  1157 | D:2      | 1157 ||| FLEEEEING.
  1158 | D:2      | 1158 ||| FLEEEEING.
  1159 | D:2      | 1159 ||| FLEEEEING.
  1160 | D:2      | 1160 ||| FLEEEEING.
  1161 | D:2      | 1161 ||| FLEEEEING.
  1162 | D:2      | 1162 ||| FLEEEEING.
  1163 | D:2      | 1163 ||| FLEEEEING.
  1164 | D:2      | 1164 ||| FLEEEEING.
  1165 | D:2      | 1165 ||| FLEEEEING.
  1201 | D:2      | Noticed Robin
  1204 | D:2      | HP: 7/36 [poisoned by Robin]
  1204 | D:2      | HP: 3/36 [Robin/+6 spear of venom (4)]
  1204 | D:2      | Mangled by Robin

Levels and vault maps discovered:
D:1:      dpeg_arrival_tiny_a, layout_basic, serial_shops,
          nicolae_shop_temple_entry_statues_fountains, st_stairs_9,
          chequers_big_river
D:2:      layout_basic, minmay_crystal_water, uniq_robin,
          uniq_crazy_yiuf_cottage

Skill      XL: |  1  2  3 |
---------------+----------+-----
Ranged Weapons | 3 4 |  4.4
Fighting       | 2 |  2.0
Armour         | 1 |  1.0
Dodging        | |  2.1
Spellcasting   | |  1.0
Hexes          | |  2.0

Action                     |  1- 3 |  4- 6 || total
---------------------------+-------+-------++-------
   Fire: Sling             |   113 |    11 ||   124
    Use: Scroll            |     1 |       ||     1
 Armour: Robe              |     4 |       ||     4
         Ring mail         |    13 |     1 ||    14
  Dodge: Dodged            |    29 |     6 ||    35

Table legend:
 A = Non-vault XP
 B = Vault XP
 C = Vault XP percentage of total XP
 D = Non-vault monster count
 E = Vault monster count
 F = Vault count percentage of total count
                 A         B        C        D         E       F
            +---------+---------+-------+---------+---------+-------
      Total |      80 |      24 |  23.1 |      36 |      13 |  26.5
            +---------+---------+-------+---------+---------+-------
        D:1 |      36 |       3 |   7.7 |      20 |       2 |   9.1
        D:2 |      44 |      21 |  32.3 |      16 |      11 |  40.7
            +---------+---------+-------+---------+---------+-------
